Map: Traitor's Exile

Players

Rolo

  • Race: Zerg Zerg
  • Spawn Location: 5:00

ooowab

  • Race: Protoss Protoss
  • League: Master
  • Spawn Location: 6:00

KuroMage - Winner!

  • Race: Terran Terran
  • Spawn Location: 12:00

PureLegacy - Winner!

  • Race: Terran Terran
  • League: Master
  • Spawn Location: 9:00

VOD

Have the link to the VOD?

Description

Time

  • Played on: Dec. 6, 2018, 12:54 p.m.
  • Length: 8:20
Show
View Real Time Build Order
Export as new Build Order

Rolo Zerg 

Build Orders: Hatch First 

Get SALT Encoding   

  12  0:03  Drone  
  13  0:09  Drone  
  14  0:19  Overlord  
  14  0:38  Drone x3  
  14  0:42  Extractor  
  16  0:50  Drone  
  17  1:03  Hatchery  
  16  1:14  Drone  
  17  1:22  Spawning Pool  
  16  1:31  Drone x2  
  18  1:35  Drone  
  19  1:47  Overlord  
  19  2:11  Spine Crawler, Queen  
  19  2:12  Metabolic Boost, Zergling x2  
  21  2:19  Baneling Nest  
  20  2:25  Drone  
  21  2:31  Zergling x4  
  23  2:42  Drone, Zergling x2  
  25  2:45  Drone  
  25  2:46  Zergling x2  
  27  3:03  Baneling x2  
  27  3:04  Baneling x2  
  27  3:07  Drone x2  
  27  3:08  Drone, Zergling x2  
  27  3:12  Baneling x2  
  31  3:23  Drone x3  
  31  3:24  Drone  
  35  3:48  Drone  
  35  4:03  Overlord  
  35  4:06  Lair, Extractor  
  34  4:15  Queen  
  34  4:23  Drone x4  
  38  4:24  Zergling x10  
  42  4:33  Zergling x2  
  43  4:40  Overlord  
  43  4:51  Burrow  
  43  5:02  Drone x3  
  43  5:04  Zergling x2  
  43  5:05  Zergling x8  
  51  5:12  Baneling x3  
  51  5:15  Extractor  
  51  5:16  Hatchery  
  51  5:20  Drone  
  51  5:21  Drone, Extractor  
  51  5:22  Overlord  
  51  5:27  Centrifical Hooks  
  50  5:41  Drone x3  
  50  5:42  Zergling x4  
  55  6:02  Queen  
  55  6:13  Zergling x2  
  55  6:14  Zergling x10  
  55  6:17  Baneling x3  
  59  6:20  Overlord x2  
  59  6:26  Evolution Chamber x2  
  57  6:34  Drone x3  
  60  6:41  Drone x3  
  63  6:50  Baneling x2  
  63  6:51  Baneling  
  63  6:54  Drone x2  
  63  6:55  Drone x3  
  58  7:10  Baneling x4  
  58  7:11  Drone, Baneling x2  
  58  7:12  Drone x6  
  65  7:16  Spore Crawler x2  
  63  7:25  Zergling x6  
  63  7:26  Overlord  
  63  7:27  Overlord  
  66  7:35  Overlord  
  66  7:36  Extractor  
  65  7:40  Infestation Pit, Queen  
  66  7:44  Overlord  
  66  7:45  Overlord  
  65  8:03  Zergling x2  
Show
View Real Time Build Order
Export as new Build Order

ooowab Protoss 

Build Orders: Oracle Opening 

Get SALT Encoding   

  12  0:01  Probe  
  13  0:13  Probe  
  14  0:20  Pylon  
  14  0:25  Probe  
  15  0:34  Probe  
  15  0:41  Gateway  
  16  0:43  Probe  
  17  0:52  Assimilator  
  17  0:53  Probe  
  18  1:00  Assimilator  
  18  1:05  Probe  
  19  1:16  Gateway  
  19  1:17  Probe  
  20  1:31  Cybernetics Core  
  20  1:32  Probe  
  21  1:40  Pylon  
  21  1:44  Probe  
  22  1:59  Adept x2  
  26  2:10  Warp Gate  
  26  2:19  Pylon  
  25  2:38  Adept x2  
  25  2:43  Stargate  
  29  2:45  Probe  
  30  3:14  Adept x2  
  34  3:32  Oracle  
  37  3:48  Nexus  
  37  3:49  Pylon  
  37  4:06  Probe  
  37  4:09  Oracle  
  41  4:18  Probe  
  38  4:38  Phoenix  
  31  4:49  Adept  
  31  4:50  Adept  
  37  4:53  Gateway x2  
  37  5:10  Phoenix  
  40  5:14  Probe x2  
  41  5:24  Twilight Council  
  41  5:27  Pylon  
  41  5:30  Probe  
  41  5:31  Probe  
  43  5:39  Probe x2  
  43  5:45  Phoenix  
  43  5:48  Probe x2  
  49  6:00  Probe x2  
  51  6:06  Adept  
  51  6:07  Adept  
  51  6:08  Sentry  
  51  6:09  Sentry  
  59  6:20  Probe  
  59  6:21  Probe  
  59  6:24  Phoenix  
  63  6:30  Probe x2  
  63  6:35  Pylon  
  63  6:38  Probe x2  
  67  6:47  Probe x2  
  67  6:52  Phoenix  
  71  6:59  Probe x2  
  73  7:11  Probe x2  
  75  7:17  Phoenix  
  75  7:22  Nexus  
  77  7:26  Assimilator  
  77  7:30  Assimilator, Forge x2  
  77  7:48  Pylon  
  77  7:49  Pylon  
  77  7:51  Pylon  
  77  7:54  Phoenix  
  77  8:07  Zealot x4  
Show
View Real Time Build Order
Export as new Build Order

KuroMage Terran - Winner!

Build Orders:  

Get SALT Encoding   

  12  0:02  SCV  
  13  0:14  SCV  
  13  0:20  Supply Depot  
  14  0:26  SCV  
  15  0:42  SCV  
  16  0:44  Barracks  
  16  0:50  Refinery  
  16  0:55  SCV  
  17  1:07  SCV  
  18  1:19  SCV  
  20  1:42  Orbital Command  
  19  1:55  Barracks Reactor  
  19  2:08  Command Center  
  19  2:10  SCV  
  19  2:13  Refinery  
  19  2:14  Factory  
  20  2:20  Supply Depot  
  20  2:22  SCV  
  21  2:31  Marine x2  
  23  2:41  SCV  
  24  2:54  SCV  
  25  3:06  Barracks  
  25  3:07  Hellion x2  
  25  3:10  SCV  
  30  3:12  Barracks Tech Lab  
  30  3:18  Starport  
  30  3:22  SCV  
  30  3:26  Orbital Command  
  30  3:46  Hellion x2  
  34  3:49  Stimpack  
  34  3:53  Marine  
  35  4:02  Engineering Bay  
  35  4:07  SCV  
  36  4:15  Hellion  
  38  4:21  SCV x2  
  36  4:35  SCV x2  
  40  4:39  Terran Infantry Weapons Level 1  
  40  4:41  Missile Turret  
  38  4:48  Missile Turret  
  38  4:49  SCV x2  
  40  4:58  Medivac, Marine  
  41  5:01  SCV  
  41  5:05  SCV  
  43  5:09  Marine x2  
  43  5:13  SCV  
  46  5:28  Engineering Bay  
  46  5:37  Refinery  
  46  5:47  Supply Depot  
  46  5:49  Supply Depot x2  
  46  5:59  Terran Infantry Armor Level 1  
  46  6:01  Command Center  
  46  6:08  Marine x3, SCV x2, Widow Mine  
  46  6:10  Medivac  
  55  6:15  Supply Depot x2  
  55  6:16  Combat Shield  
  55  6:20  SCV x2  
  57  6:30  Marine x2, Widow Mine  
  57  6:31  Missile Turret  
  57  6:32  Missile Turret, SCV  
  62  6:36  SCV  
  62  6:39  Armory  
  63  6:40  Supply Depot  
  63  6:42  Supply Depot  
  63  6:44  SCV  
  63  6:45  Refinery, Marine  
  65  6:47  Medivac  
  65  6:48  SCV  
  65  6:51  Marine x2  
  70  6:59  SCV  
  70  7:00  Barracks  
  71  7:09  SCV  
  71  7:11  SCV  
  71  7:14  Orbital Command  
  73  7:17  Marauder  
  73  7:21  Marine x2  
  73  7:22  Medivac, Barracks  
  79  7:24  SCV x2  
  81  7:31  Supply Depot  
  81  7:42  Factory Tech Lab  
  81  7:49  Barracks Reactor  
  81  7:50  Barracks  
  81  7:51  SCV x2  
Show
View Real Time Build Order
Export as new Build Order

PureLegacy Terran - Winner!

Build Orders: Reaper Expand 

Get SALT Encoding   

  12  0:00  SCV  
  13  0:12  SCV  
  14  0:18  Supply Depot  
  14  0:25  SCV  
  15  0:40  SCV  
  15  0:41  Barracks  
  16  0:45  Refinery  
  16  0:52  SCV  
  17  1:04  SCV  
  18  1:16  SCV  
  19  1:28  Reaper  
  19  1:29  Orbital Command  
  20  1:45  Command Center  
  20  1:51  Supply Depot  
  20  1:55  SCV  
  21  2:06  Barracks Reactor  
  21  2:07  SCV  
  22  2:14  Barracks  
  22  2:19  Barracks  
  22  2:30  Bunker  
  22  2:38  SCV  
  22  2:44  Marine x2  
  23  2:47  Supply Depot  
  23  2:50  SCV  
  26  2:58  Orbital Command  
  26  3:01  Marine  
  26  3:02  Marine, SCV, Barracks Tech Lab  
  26  3:05  Refinery  
  29  3:06  Marine  
  30  3:19  Marine x2  
  31  3:21  SCV  
  31  3:23  Marine  
  31  3:25  SCV  
  35  3:27  Marine  
  35  3:32  Stimpack  
  36  3:35  SCV  
  36  3:38  SCV  
  38  3:47  Marine x4, SCV  
  43  3:50  SCV  
  43  3:51  Supply Depot  
  44  3:55  Engineering Bay  
  44  4:01  SCV  
  44  4:02  Factory, SCV  
  42  4:20  Marine x4  
  42  4:22  Missile Turret  
  45  4:25  SCV x2  
  47  4:37  Missile Turret, Terran Infantry Weapons Level 1, SCV x2  
  48  4:47  Factory Reactor, Starport  
  48  4:49  SCV x2  
  48  4:51  Marine x3  
  48  4:52  Marine  
  54  5:00  Supply Depot  
  54  5:01  SCV x2  
  56  5:13  Barracks, SCV  
  56  5:14  SCV  
  58  5:15  Barracks  
  58  5:18  Barracks Reactor  
  58  5:23  Supply Depot  
  58  5:26  SCV x2  
  60  5:30  Refinery  
  60  5:32  Refinery  
  60  5:34  Medivac x2  
  64  5:38  SCV x2  
  64  5:39  Factory Tech Lab  
  66  5:46  Combat Shield  
  66  5:47  Supply Depot  
  66  5:50  SCV x2  
  66  5:55  Marine x5  
  73  6:02  SCV x2  
  75  6:08  Barracks Reactor x2  
  70  6:14  Marine x5  
  70  6:17  Siege Tank  
  78  6:27  Supply Depot  
  78  6:28  Supply Depot  
  78  6:32  Marine x4  
  83  6:35  Medivac x2  
  86  6:48  Supply Depot x2, Marine  
  86  6:49  Marine x2  
  86  6:51  Marine  
  90  7:07  Marine x2  
  90  7:08  Marine x5  
  87  7:16  Medivac x2  
  87  7:17  Marine x2  
  93  7:23  Siege Tank  
  93  7:25  Marine x3  
  93  7:28  Marine x4  
  103  7:35  Marine  
  103  7:36  Supply Depot  
  104  7:38  Supply Depot  
  104  7:41  Marine  
  104  7:43  Marine, Command Center  
  106  7:56  Armory  
  106  7:58  Engineering Bay  
Tags
 
Add a new tag
Caveats
  • Supply blocks, unpowered buildings, or Contaminate may cause inaccurate times.
  • Supply counts are checked every 10 seconds.